Map: Blackburn LE

Players

Denver

  • Race: Zerg Zerg
  • League: Grandmaster

LiquidClem (Clem) - Winner!

  • Race: Terran Terran
  • League: Grandmaster

VOD

https://youtu.be/Dad3M9ddl_I

Description

Time

  • Played on: April 18, 2021, 11:18 a.m.
  • Length: 13:36
Show
View Real Time Build Order
Export as new Build Order

Denver Zerg 

Build Orders: Hatch First 

Get SALT Encoding   

  12  0:00  Drone  
  13  0:13  Overlord  
  13  0:17  Drone  
  14  0:31  Drone x2  
  16  0:48  Hatchery  
  15  0:52  Drone  
  15  0:55  Drone  
  17  1:00  Drone  
  18  1:10  Extractor  
  17  1:14  Spawning Pool  
  17  1:17  Drone  
  17  1:20  Drone  
  18  1:29  Drone  
  20  1:40  Drone  
  20  1:50  Overlord  
  20  2:01  Queen x2  
  20  2:02  Zergling x4  
  26  2:10  Metabolic Boost  
  26  2:13  Drone  
  26  2:14  Drone  
  28  2:22  Drone x2  
  29  2:40  Hatchery  
  29  2:41  Drone  
  29  2:45  Drone  
  29  2:47  Drone  
  29  2:50  Overlord  
  31  2:56  Drone x2  
  33  3:02  Queen  
  35  3:07  Drone  
  35  3:11  Drone x3  
  39  3:17  Queen  
  42  3:27  Drone x2  
  43  3:38  Drone  
  43  3:39  Overlord  
  43  3:46  Overlord  
  43  3:49  Overlord x2  
  43  3:51  Queen  
  43  3:53  Drone x3, Queen  
  50  4:01  Zergling x2  
  50  4:02  Zergling x4  
  53  4:03  Drone x2  
  53  4:07  Roach Warren  
  54  4:13  Drone x3  
  57  4:17  Overlord  
  57  4:18  Drone x2  
  57  4:20  Drone  
  60  4:25  Drone x3  
  60  4:27  Drone  
  60  4:29  Spore Crawler  
  60  4:31  Drone  
  64  4:34  Drone  
  64  4:35  Queen  
  64  4:37  Drone  
  69  4:40  Overlord  
  69  4:42  Lair  
  69  4:46  Drone x2  
  69  4:50  Extractor x2  
  69  4:51  Drone x4  
  73  4:56  Overlord  
  73  4:59  Drone x4  
  77  5:04  Extractor  
  77  5:06  Drone  
  77  5:07  Drone x3  
  80  5:10  Overlord  
  80  5:13  Roach  
  82  5:16  Roach x4  
  90  5:22  Roach x2  
  94  5:32  Roach x3  
  94  5:35  Drone x3  
  103  5:37  Hatchery  
  103  5:38  Extractor  
  103  5:40  Extractor  
  100  5:43  Glial Reconstitution  
  100  5:49  Drone x4, Evolution Chamber  
  103  5:50  Evolution Chamber  
  103  5:51  Baneling Nest  
  103  5:53  Drone x4  
  103  6:04  Roach x3  
  105  6:06  Queen  
  99  6:13  Roach x4  
  99  6:14  Queen, Roach  
  99  6:18  Overlord  
  103  6:20  Zerg Melee Weapons Level 1  
  103  6:26  Zerg Ground Armor Level 1  
  103  6:27  Overlord  
  103  6:29  Drone x2  
  103  6:31  Drone  
  106  6:33  Overlord x2  
  106  6:35  Queen  
  108  6:41  Centrifical Hooks  
  108  6:42  Overlord  
  108  6:47  Drone x6  
  106  6:51  Drone x3  
  106  6:52  Drone  
  113  6:55  Queen  
  113  7:01  Roach x3  
  121  7:02  Roach  
  123  7:09  Roach x3  
  123  7:11  Spore Crawler  
  123  7:13  Spore Crawler  
  127  7:20  Drone  
  127  7:21  Drone x6  
  135  7:23  Overlord  
  135  7:28  Ravager x6  
  142  7:30  Drone x5  
  142  7:34  Overlord  
  142  7:35  Overlord  
  146  7:39  Queen  
  146  7:41  Overlord x2  
  146  7:44  Zergling x4  
  150  7:49  Hatchery  
  150  7:50  Zergling x2  
  150  7:55  Ravager x3  
  150  7:56  Zergling x14  
  150  7:57  Zergling x2  
  161  8:03  Overlord  
  161  8:05  Zergling x8  
  165  8:11  Infestation Pit  
  161  8:13  Zergling x4  
  161  8:14  Zergling x6  
  161  8:16  Queen  
  164  8:20  Zerg Melee Weapons Level 2  
  164  8:21  Zerg Ground Armor Level 2  
  164  8:27  Zergling x18  
  165  8:29  Spore Crawler  
  165  8:32  Baneling x8  
  165  8:33  Baneling x3  
  174  8:40  Zergling x16  
  180  8:51  Hive  
  180  8:53  Drone x3, Extractor  
  180  8:59  Zergling x20  
  188  9:06  Zergling x4  
  189  9:13  Baneling x9  
  189  9:14  Baneling x6  
  190  9:17  Zergling x14  
  190  9:18  Spore Crawler  
  190  9:19  Drone  
  190  9:20  Drone  
  195  9:26  Zergling x12  
  195  9:31  Zergling x8  
  197  9:34  Baneling x5  
  196  9:43  Zergling x2  
  196  9:44  Zergling x8  
  184  9:50  Baneling x15  
  184  9:52  Zergling x8  
  185  9:58  Zergling x8  
  173  10:04  Zergling x6  
  150  10:09  Roach x2  
  150  10:12  Roach  
  150  10:13  Roach x8  
  170  10:15  Baneling  
  170  10:16  Baneling x19  
  170  10:19  Queen, Zergling x8  
  170  10:20  Queen  
  178  10:27  Zergling x10  
  174  10:39  Zergling x14  
  174  10:40  Ravager x3  
  174  10:42  Zergling x6  
  178  10:47  Roach x2  
  178  10:49  Queen  
  168  10:52  Zerg Ground Armor Level 3, Zerg Melee Weapons Level 3  
  157  10:58  Zergling x12  
  157  10:59  Queen  
  160  11:05  Baneling x2  
  160  11:06  Baneling x3  
  160  11:07  Zergling x4  
  160  11:08  Zergling x8  
  160  11:11  Queen  
  168  11:14  Hatchery, Adrenal Glands  
  168  11:16  Zergling x12, Ultralisk Cavern  
  172  11:21  Zergling x2  
  172  11:22  Zergling x6  
  172  11:24  Hatchery  
  176  11:26  Zergling x8  
  176  11:31  Baneling x12  
  180  11:33  Roach  
  180  11:34  Roach x5  
  191  11:41  Zergling x16  
  191  11:43  Baneling x10  
  185  11:56  Zergling x22  
  193  12:08  Viper x2  
  172  12:12  Zergling x18  
  172  12:13  Queen x2  
  172  12:14  Chitinous Plating  
  187  12:19  Zergling x12  
  184  12:24  Viper  
  183  12:34  Zergling x26  
  190  12:44  Overlord  
  190  12:47  Zergling x2  
  190  12:48  Zergling x6  
  186  12:52  Baneling x13  
  186  12:54  Overlord  
  186  12:55  Queen  
  177  13:00  Zergling x8  
  181  13:06  Zergling x8  
  181  13:09  Baneling x8  
  185  13:19  Zergling x2  
Show
View Real Time Build Order
Export as new Build Order

LiquidClem Terran - Winner!

Build Orders: Reaper Expand 

Get SALT Encoding   

  12  0:00  SCV  
  13  0:12  SCV  
  14  0:17  Supply Depot  
  14  0:24  SCV  
  15  0:38  SCV  
  15  0:41  Barracks  
  16  0:45  Refinery  
  16  0:50  SCV  
  17  1:03  SCV  
  18  1:15  SCV  
  19  1:27  Orbital Command, Reaper  
  20  1:40  Command Center  
  20  1:49  Supply Depot  
  20  1:53  SCV  
  21  1:59  Marine  
  22  2:05  SCV  
  23  2:12  Factory  
  23  2:17  SCV  
  23  2:22  Barracks Reactor  
  24  2:29  SCV  
  25  2:39  Command Center  
  25  2:42  SCV  
  26  2:51  Orbital Command  
  26  2:54  SCV  
  27  2:59  Barracks  
  27  3:06  SCV  
  27  3:07  Hellion  
  27  3:10  Barracks Tech Lab  
  30  3:14  Hellion  
  30  3:17  SCV  
  33  3:21  SCV  
  33  3:22  Refinery  
  34  3:29  Stimpack, Marine  
  34  3:33  SCV  
  34  3:34  SCV  
  37  3:45  SCV  
  37  3:46  SCV  
  39  3:52  Orbital Command, Starport  
  39  3:57  SCV  
  39  3:58  Marine x2  
  39  4:01  SCV  
  43  4:03  Marine  
  43  4:04  Factory Reactor, Supply Depot  
  43  4:09  SCV  
  45  4:13  SCV  
  45  4:16  Marine x2  
  48  4:19  SCV  
  48  4:21  SCV, Marine  
  51  4:25  SCV  
  51  4:28  Supply Depot  
  52  4:31  SCV  
  52  4:33  SCV  
  52  4:34  Barracks, Marine x2  
  52  4:37  SCV, Refinery  
  57  4:39  Marine  
  57  4:43  Medivac, SCV  
  57  4:44  Medivac  
  57  4:45  SCV  
  64  4:49  Factory Tech Lab  
  64  4:50  SCV  
  64  4:51  Refinery, Supply Depot  
  65  4:53  Marine x2  
  65  4:55  SCV  
  68  5:00  Engineering Bay  
  68  5:01  Engineering Bay  
  68  5:03  Marine  
  69  5:07  SCV  
  69  5:08  Combat Shield  
  69  5:10  SCV  
  69  5:13  Supply Depot, Siege Tank  
  74  5:15  Orbital Command  
  74  5:19  SCV, Marine  
  76  5:22  SCV, Marine  
  76  5:24  Barracks Reactor  
  76  5:25  Marine  
  79  5:31  SCV, Terran Infantry Weapons Level 1  
  79  5:34  SCV  
  79  5:35  Supply Depot  
  81  5:41  SCV, Marine x2  
  84  5:43  SCV, Terran Infantry Armor Level 1  
  84  5:46  SCV  
  84  5:48  Marine  
  84  5:49  Siege Tank  
  90  5:53  SCV, Supply Depot  
  90  5:55  SCV  
  92  5:58  Marine x2  
  92  5:59  SCV  
  92  6:01  Marine  
  92  6:02  Marine  
  97  6:05  SCV  
  97  6:06  Medivac, Marine  
  97  6:11  SCV, Medivac  
  100  6:16  Marine x2  
  100  6:17  Barracks  
  100  6:18  Barracks  
  98  6:19  Supply Depot, Marine  
  98  6:20  Marine  
  98  6:24  Siege Tank  
  98  6:25  SCV  
  104  6:27  SCV x2  
  104  6:28  Marine  
  107  6:35  Supply Depot  
  107  6:36  Marine  
  107  6:39  Marine  
  109  6:40  Marine x2, Armory  
  109  6:41  Medivac, SCV  
  109  6:42  SCV  
  109  6:43  SCV  
  117  6:47  Marauder  
  117  6:48  Refinery x2  
  117  6:54  SCV  
  117  6:56  Marine  
  117  6:58  Supply Depot x2, Factory, Marine  
  117  7:01  Marine x2  
  120  7:03  Siege Tank  
  120  7:06  SCV  
  125  7:09  Barracks Tech Lab x2  
  125  7:17  SCV, Marine  
  125  7:19  SCV, Marine  
  125  7:21  Command Center, Marine x2  
  125  7:22  Marauder  
  129  7:30  Concussive Shells, Supply Depot  
  129  7:31  Supply Depot, Marauder x2  
  129  7:35  Supply Depot, Siege Tank  
  135  7:42  Factory Tech Lab  
  135  7:44  Marauder  
  137  7:46  Marine x4  
  137  7:47  Sensor Tower  
  137  7:49  Terran Infantry Weapons Level 2, Supply Depot  
  141  7:53  Terran Infantry Armor Level 2  
  141  7:59  Supply Depot  
  141  8:02  Marauder  
  141  8:04  Marine  
  144  8:05  SCV  
  144  8:06  Supply Depot  
  144  8:09  Marine, Siege Tank  
  144  8:10  SCV  
  144  8:12  Supply Depot  
  146  8:14  Marine  
  146  8:16  Marine  
  146  8:17  Marauder  
  147  8:20  Medivac x2  
  147  8:21  Marine  
  147  8:22  Marine  
  153  8:28  Terran Vehicle Weapons Level 1  
  153  8:29  Marauder, Marine  
  153  8:31  Marine  
  153  8:33  Siege Tank  
  160  8:36  SCV x3  
  160  8:39  Marine  
  160  8:40  Marauder  
  166  8:42  Marine  
  166  8:43  Marine  
  166  8:47  Siege Tank  
  166  8:48  SCV  
  172  8:50  Marine x2  
  172  8:52  Planetary Fortress  
  172  8:54  SCV  
  175  9:01  Marauder x2, Marine x2  
  181  9:05  Marine, Siege Tank  
  185  9:19  Siege Tank  
  185  9:20  Refinery, Command Center  
  185  9:21  Refinery  
  185  9:23  Marauder x2  
  184  9:32  Marine x2  
  184  9:33  Marauder  
  184  9:34  Marine  
  184  9:37  Siege Tank  
  187  9:39  Medivac x2  
  187  9:42  Marine  
  187  9:44  Marauder, Marine  
  187  9:48  SCV  
  187  9:50  Marine x2  
  187  9:51  Siege Tank  
  187  9:52  Marine  
  194  9:54  Marauder  
  179  10:00  SCV x3, Marine  
  179  10:02  Marauder  
  179  10:05  Marine  
  180  10:08  Marine x2  
  180  10:09  Marine, Siege Tank  
  180  10:11  SCV  
  186  10:15  Marine  
  186  10:20  Terran Infantry Weapons Level 3, Barracks  
  186  10:21  Barracks  
  187  10:23  Barracks, Siege Tank  
  189  10:28  Marine  
  189  10:29  Marauder  
  189  10:33  Marine  
  183  10:37  Medivac  
  183  10:39  Marine  
  183  10:40  Marauder, Marine  
  183  10:41  Marauder, Siege Tank  
  180  10:48  Marine  
  167  10:50  Marauder  
  167  10:51  SCV x3  
  167  10:55  Siege Tank  
  163  11:00  Marine x3  
  163  11:02  Marauder, Terran Vehicle Weapons Level 2  
  159  11:10  Barracks Tech Lab x2  
  159  11:11  Marine, Barracks Reactor  
  159  11:12  Marauder  
  159  11:13  Siege Tank  
  159  11:15  Barracks Reactor  
  159  11:16  Ghost Academy  
  165  11:19  SCV  
  165  11:25  Marauder  
  168  11:28  Siege Tank  
  168  11:30  Command Center  
  168  11:31  SCV  
  168  11:32  Marine x2  
  172  11:33  Marauder, Marine x3  
  172  11:39  Marine  
  179  11:44  SCV x3  
  179  11:45  SCV, Siege Tank  
  176  11:49  Marauder, Marine  
  176  11:51  Marauder  
  176  11:54  Marauder, Marine x2  
  176  11:56  SCV x2, Marine x2  
  176  12:00  Siege Tank  
  184  12:08  Marine x2  
  184  12:09  SCV, Marauder  
  184  12:14  Marauder  
  188  12:18  Siege Tank  
  188  12:20  Marauder, Marine  
  190  12:24  SCV x2  
  191  12:31  Planetary Fortress  
  191  12:32  Siege Tank  
  191  12:38  Marauder, Marine x3  
  191  12:39  Marine x2  
  191  12:41  Marine x2  
  200  12:50  Siege Tank  
  200  12:51  Marauder, Marine x3  
  194  12:58  Marine x2  
  194  13:00  Marauder, Marine x2  
  200  13:13  Sensor Tower  
  200  13:14  Command Center x2  
Tags
 
Add a new tag
Caveats
  • Supply blocks, unpowered buildings, or Contaminate may cause inaccurate times.
  • Supply counts are checked every 10 seconds.